 Dungeon Crawl Stone Soup version 0.31-a0-995-g04711c9635 (webtiles) character file.

Game seed: 15787116359086583184

126 BritishOli the Trooper (level 4, -4/37 HPs)
             Began as a Demonspawn Fighter on Nov 6, 2023.
             Killed from afar by Natasha (8 damage)
             ... with a magic dart
             ... on level 3 of the Dungeon.
             The game lasted 00:01:53 (2211 turns).

BritishOli the Trooper (Demonspawn Fighter)         Turns: 2211, Time: 00:01:54

Health: -4/37      AC: 11    Str: 19    XL:     4   Next: 84%
Magic:  4/4        EV:  7    Int:  9    God:
Gold:   174        SH:  9    Dex: 14    Spells: 3/3 levels left

rFire   . . .        a - +0 war axe
rCold   . . .        c - +0 buckler
rNeg    . . .        h - +0 storm dragon scales
rPois   .            (helmet restricted)
rElec   +            (no cloak)
rCorr   .            (no gloves)
SInv    .            (no boots)
Will    .....        (no amulet) Stlth
                     (no ring)
HPRegen 0.26/turn    (no ring)
MPRegen 0.09/turn

%: no passive effects
@: mighty, slowed, very slow
A: antennae 1, thin skeletal structure 1, condensation shield
a: no special abilities


You were on level 3 of the Dungeon.
You visited 1 branch of the dungeon, and saw 3 of its levels.

You collected 174 gold pieces.

Inventory:

Hand Weapons
 a - a +0 war axe (weapon)
Armour
 b - a +0 scale mail
 c - a +0 buckler (worn)
 h - +0 storm dragon scales (worn)
Scrolls
 g - a scroll of identify {unknown}
 l - a scroll of fog {unknown}
 m - 2 scrolls of poison {unknown}
 n - a scroll of fear {unknown}
 o - a scroll of immolation {unknown}
Potions
 d - 3 potions of might
 e - a potion of invisibility {unknown}
 f - 2 potions of curing {unknown}
 i - a potion of degeneration {unknown}
 j - 3 potions of cancellation {unknown}
 k - 2 potions of lignification {unknown}
 p - a potion of berserk rage {unknown}


   Skills:
 * Level 3.8 Fighting
 * Level 2.7 Axes
 + Level 3.4 Armour
 - Level 3.4 Shields


You had 3 spell levels left.
You didn't know any spells.
Your spell library was empty.

Dungeon Overview and Level Annotations

Branches:
Dungeon (3/15)

Altars:

Shops:
D:2 *

Annotations:
D:3 Natasha


Innate Abilities, Weirdness & Mutations

You have a pair of small antennae on your head.
You have a somewhat thin skeletal structure. (Dex +2, Stealth+)
A meltable shield of frost defends you. (SH +4)


Message History

You barely miss Natasha. You block Natasha's attack.
Natasha claws you but does no damage.
You hit Natasha.
Natasha is lightly wounded.
Natasha claws you.
* * * LOW HITPOINT WARNING * * *
You barely miss Natasha.
Natasha is lightly wounded.
You block Natasha's attack. x2
You hit Natasha.
Natasha is moderately wounded.
Natasha claws you.
* * * LOW HITPOINT WARNING * * *
You feel very mighty all of a sudden. Natasha barely misses you.
You closely miss Natasha.
Natasha is moderately wounded.
Natasha stares at you and mumbles some strange words.
You feel yourself slow down. You block Natasha's attack.
You completely miss Natasha.
Natasha is moderately wounded.
Natasha barely misses you. You block Natasha's attack.
You slash Natasha!
Natasha is almost dead.
Natasha claws you!
* * * LOW HITPOINT WARNING * * *
Natasha claws you but does no damage.
You closely miss Natasha.
Natasha is almost dead.
Natasha casts a spell.
You block Natasha's attack.
You closely miss Natasha.
Natasha is almost dead.
You slash the cerulean imp!
You kill the cerulean imp!
The cerulean imp disappears in a puff of smoke!
Natasha stares at you and mumbles some strange words.
The magic dart hits you!
You die...
Natasha begins licking her fur clean.

.......###.# ##..# ##.# #...)
........##.###...# #..## #..##.
........##.#...#.# #...# #.###.
........##...###.###..#.# ##.###.
........###### #..##.##.# #.. #..
.††.....# ##....##.###.# #..
.......## ###..###..##<# #..
........# ###§h....##)...# #..
.....†..# ##^.@####.......###..
........#####..### #####.#..##..
........##....## ####..#..
...........#### ##.#..
).........._.### #....
#..............###############...
#.........∩.⌠#...........).......
#............################..##
##..........## ##...


You could see Natasha.

Vanquished Creatures
  Natasha (twice) (D:3)
  2 adders
  3 worms
  2 orcs (D:3)
  2 endoplasms (D:1)
  3 giant cockroaches
  4 goblins
  9 hobgoblins
  2 quokkas (D:1)
  4 ball pythons
  3 bats
  3 frilled lizards
  5 kobolds
  4 rats
48 creatures vanquished.

Notes
Turn   | Place    | Note
-------+----------+-------------------------------------------
     0 | D:1      | BritishOli the Demonspawn Fighter began the quest for the
                  | Orb.
     0 | D:1      | Reached XP level 1. HP: 18/18 MP: 1/1
   217 | D:1      | Gained mutation: You have a pair of small antennae on your
                  | head. [demonic ancestry]
   217 | D:1      | Reached XP level 2. HP: 14/24 MP: 2/2
  1038 | D:2      | Found Jiniemi's Assorted Antiques.
  1051 | D:2      | Identified the +11 short sword "Bausuax" {venom, rPois
                  | Will- Str+6 Int+3}
  1259 | D:2      | Gained mutation: A meltable shield of frost defends you.
                  | (SH +4) [demonic ancestry]
  1259 | D:2      | Reached XP level 3. HP: 29/29 MP: 3/3
  1618 | D:3      | Identified the +4 robe "Cavvor" {-Tele rF+++ rC- Archmagi}
  1685 | D:3      | Noticed Natasha
  1702 | D:3      | Killed Natasha
  1703 | D:3      | Gained mutation: You have a somewhat thin skeletal
                  | structure. (Dex +2, Stealth+) [demonic ancestry]
  1703 | D:3      | Reached XP level 4. HP: 6/35 MP: 4/4
  2088 | D:3      | Noticed Natasha
  2101 | D:3      | Killed Natasha
  2175 | D:3      | Found a faded altar of an unknown god.
  2192 | D:3      | Noticed Natasha
  2211 | D:3      | Killed from afar by Natasha

Illustrated notes

Levels and vault maps discovered:
D:1:      mrwooster_arrival_arrow, layout_loops_ring, serial_rivers,
          chequers_serial_rivers_large_b, chequers_serial_rivers_room_a,
          chequers_serial_rivers_small_a, chequers_serial_rivers_micro_b,
          chequers_serial_rivers_micro_d, chequers_serial_rivers_room_b
D:2:      layout_rooms, serial_shops, nicolae_shop_advertising_works
          [nicolae_subvault_shop_adworks]
D:3:      layout_rooms, trog_wizard, ebering_ecumenical_altar_abandoned,
          uniq_natasha

Skill      XL: |  1  2 |
---------------+-------+-----
Axes           | 2 |  2.7
Armour         | 3 |  3.4
Shields        | 3 |  3.4
Fighting       | |  3.8

Action                     |  1- 3 |  4- 6 || total
---------------------------+-------+-------++-------
  Melee: War axe           |   123 |    56 ||   179
    Use: Potion            |     1 |     1 ||     2
 Armour: Scale mail        |    20 |       ||    20
         Storm dragon scal |    69 |    37 ||   106
  Dodge: Dodged            |    50 |    25 ||    75
  Block: Buckler           |    42 |    27 ||    69

Table legend: (Time is in decaauts)
 A = Elapsed time spent in this place.
 B = Non-inter-level travel time spent in this place.
 C = Inter-level travel time spent in this place.
 D = Time resting spent in this place.
 E = Time spent auto-exploring this place.
 F = Levels seen in this place.
 G = Mean time per level.
                   A        B        C        D        E       F      G
               +--------+--------+--------+--------+--------+-----+--------+
         Total |   2334 |   2241 |     93 |    195 |   1588 |   3 |  778.0 |
       Dungeon |   2334 |   2241 |     93 |    195 |   1588 |   3 |  778.0 |
               +--------+--------+--------+--------+--------+-----+--------+

Top non-repeatable levels by time:
     D:1: 1071 daAuts
     D:3: 657 daAuts
     D:2: 605 daAuts
